 Dungeon Crawl Stone Soup version 0.26-a0-1205-g4083c211ab (webtiles) character file.

Game seed: 1422795479044888325

71 Azzok the Skirmisher (level 4, 28/36 HPs)
             Began as a Demonspawn Berserker on Dec 29, 2020.
             Was a Believer of Trog.
             Quit the game on level 2 of the Dungeon.
             The game lasted 00:01:11 (904 turns).

Azzok the Skirmisher (Demonspawn Berserker)          Turns: 904, Time: 00:01:11

Health: 28/36      AC: 11    Str: 19    XL:     4   Next: 5%
Magic:  4/4        EV:  6    Int:  8    God:    Trog [**....]
Gold:   29         SH:  0    Dex: 12    Spells: 3/3 levels left

rFire    . . .     SeeInvis .   a - +0 hand axe
rCold    + . .     Faith    .   (no shield)
rNeg     . . .     Spirit   .   j - +0 plate armour
rPois    .         Reflect  .   (no helmet)
rElec    .         Harm     .   i - scarf {repulsion}
rCorr    .         Rampage  .   (no gloves)
Will     .....                  (no boots)
Stlth    ..........             (no amulet)
HPRegen  0.12/turn              (no ring)
MPRegen  0.09/turn              (no ring)

@: repel missiles
A: talons 1, cold resistance 1
a: Renounce Religion, Berserk, Trog's Hand


You were on level 2 of the Dungeon.
You worshipped Trog.
Trog was pleased with you.
You visited 1 branch of the dungeon, and saw 2 of its levels.

You collected 29 gold pieces.

Inventory:

Hand Weapons
 a - a +0 hand axe (weapon)
Armour
 i - a scarf of repulsion (worn)
 j - a +0 plate armour (worn)
Scrolls
 b - a scroll of enchant weapon {unknown}
 c - 2 scrolls of random uselessness {unknown}
 f - a scroll of remove curse {unknown}
 h - a scroll of fog {unknown}
Potions
 d - a potion of curing {unknown}
 e - a potion of attraction {unknown}
 g - 3 potions of flight {unknown}
 k - 2 potions of berserk rage {unknown}


   Skills:
 + Level 3.6 Fighting
 + Level 3.2 Axes
 + Level 2.4 Armour
 + Level 2.4 Dodging


You had 3 spell levels left.
You didn't know any spells.
Your spell library was empty.

Dungeon Overview and Level Annotations

Branches:
Dungeon (2/15)

Altars:


Innate Abilities, Weirdness & Mutations

You have sharp toenails.
Your flesh is cold resistant. (rC+)


Message History

You are too injured to fight recklessly!
You are too injured to fight recklessly!
You hit the bullfrog skeleton.
The bullfrog skeleton is almost destroyed.
The bullfrog skeleton hits you but does no damage.
You barely miss the bullfrog skeleton.
The bullfrog skeleton is almost destroyed.
The bullfrog skeleton closely misses you.
The bullfrog skeleton hits you but does no damage.
Your plate armour prevents you from hitting the bullfrog skeleton.
You claw the bullfrog skeleton.
The bullfrog skeleton is almost destroyed.
The bullfrog skeleton hits you but does no damage.
You hit the bullfrog skeleton.
You destroy the bullfrog skeleton!
Trog accepts your kill.
You have reached level 4!
You feel stronger.
Your demonic ancestry asserts itself...
You feel resistant to cold.
Are you sure you want to abandon this character and quit the game? (Confirm with "yes".)

·· >·· ▒· ···· ▒
▒▒▒▒·▒▒··· ····· ··
·········· ····· ▒·
·······▒·▒ ··· ▒▒·▒
·······▒·▒ ··· ····
·······▒(▒ ▒·▒▒▒▒▒ ▒·
·······@·▒ ▒·▒···▒ ▒·
·······†·▒▒▒▒▒·▒·▒·▒▒▒▒·
··········†·····†)·(†···
······†▒▒▒▒▒▒▒·▒·▒·▒▒▒▒·
···(··· ▒·▒·▒·▒ ▒▒
▒▒▒▒··· ··▒·▒·▒ ▒▒▒▒
▒▒▒▒·▒·▒ ▒·▒·· ▒·▒▒▒


There were no monsters in sight!

Vanquished Creatures
  A bullfrog skeleton (D:2)
  An adder (D:2)
  An ooze (D:1)
  4 bats
  A giant cockroach (D:1)
  4 hobgoblins
  A quokka (D:2)
  2 frilled lizards
  6 goblins
  4 kobolds
  5 rats
30 creatures vanquished.

Notes
Turn   | Place    | Note
-------+----------+-------------------------------------------
     0 | D:1      | Azzok the Demonspawn Berserker began the quest for the Orb.
     0 | D:1      | Reached XP level 1. HP: 18/18 MP: 1/1
   323 | D:1      | Gained mutation: You have sharp toenails. [demonic
                  | ancestry]
   323 | D:1      | Reached XP level 2. HP: 24/24 MP: 2/2
   805 | D:2      | Reached XP level 3. HP: 22/29 MP: 3/3
   887 | D:2      | Reached ** piety under Trog
   904 | D:2      | Gained mutation: Your flesh is cold resistant. (rC+)
                  | [demonic ancestry]
   904 | D:2      | Reached XP level 4. HP: 28/36 MP: 4/4
   904 | D:2      | Quit the game

Illustrated notes

Levels and vault maps discovered:
D:1:      ncdulo_smallfort, layout_loops_ring
D:2:      layout_basic, uniq_natasha

Skill      XL: |  1  2 |
---------------+-------+-----
Dodging        | 2 |  2.4
Armour         | 2 |  2.4
Axes           | 3 |  3.2
Fighting       | |  3.6

Action                   |  1- 3 |  4- 6 || total
-------------------------+-------+-------++-------
Melee: Hand axe          |    85 |       ||    85
       Kick              |    17 |       ||    17
Armor: Chain mail        |    35 |       ||    35
       Plate armour      |    21 |       ||    21
Dodge: Dodged            |    27 |       ||    27

Table legend: (Time is in decaauts)
 A = Elapsed time spent in this place.
 B = Non-inter-level travel time spent in this place.
 C = Inter-level travel time spent in this place.
 D = Time resting spent in this place.
 E = Time spent auto-exploring this place.
 F = Levels seen in this place.
 G = Mean time per level.
                   A        B        C        D        E       F      G
               +--------+--------+--------+--------+--------+-----+--------+
         Total |    917 |    871 |     46 |      0 |    638 |   2 |  458.5 |
       Dungeon |    917 |    871 |     46 |      0 |    638 |   2 |  458.5 |
               +--------+--------+--------+--------+--------+-----+--------+

Top non-repeatable levels by time:
     D:1: 713 daAuts
     D:2: 204 daAuts
